 Dungeon Crawl Stone Soup version 0.25-a0-21-ga5a8db46c7 (webtiles) character file.

Game seed: 1814328363116147785, levelgen mode: deterministic

66788 Kohma the Unseen (level 14, -8/72 HPs)
             Began as a Spriggan Enchanter on Oct 16, 2019.
             Was the Champion of Kikubaaqudgha.
             Killed by divine providence
             ... invoked by a meliai
              (14 damage)
             ... on level 13 of the Dungeon.
             The game lasted 01:59:58 (32962 turns).

Kohma the Unseen (Spriggan Enchanter)              Turns: 32962, Time: 01:59:59

Health: -8/72      AC: 10    Str:  4    XL:     14   Next: 80%
Magic:  24/24      EV: 32    Int: 19    God:    Kikubaaqudgha [******]
Gold:   1742       SH:  8    Dex: 19    Spells: 1/25 levels left

rFire    + + .     SeeInvis +   b - +8 arc blade {discharge, rElec}
rCold    + . .     Gourm    .   X - +0 buckler
rNeg     . . .     Faith    .   E - +2 robe {rC+ rF+}
rPois    .         Spirit   .   d - +1 hat
rElec    +         Reflect  .   o - +1 cloak
rCorr    .         Harm     .   (gloves unavailable)
MR       ++...                  (boots unavailable)
Stlth    +++++++...             k - amulet of magic regeneration
HPRegen  0.22/turn              Z - +3 ring of protection
MPRegen  0.44/turn              K - ring of protection from fire

@: lethally poisoned (-8 -> -9), very slightly contaminated, very quick
A: very small, unfitting armour, see invisible, herbivore, speed 3, slow
metabolism 2
a: Receive Corpses, Torment, Brand Weapon With Pain, Receive Necronomicon,
Renounce Religion


You were on level 13 of the Dungeon.
You worshipped Kikubaaqudgha.
Kikubaaqudgha was exalted by your worship.
You were very hungry.

You visited 4 branches of the dungeon, and saw 22 of its levels.
You also visited: Sewer.

You collected 2732 gold pieces.
You spent 990 gold pieces at shops.

Inventory:

Hand Weapons
 a - a +3 dagger
 b - the +8 arc blade (weapon) {discharge, rElec}
   (You bought it in a shop on level 2 of the Orcish Mines)

   It insulates you from electricity.
Missiles
 r - 52 poisoned darts (quivered)
 J - 6 curare-tipped darts
 R - 8 atropa-tipped darts
Armour
 d - a +1 hat (worn)
 o - a +1 cloak (worn)
 E - a +2 robe of resistance (worn)
 X - a +0 buckler (worn)
Jewellery
 f - an uncursed ring of positive energy
 k - an amulet of magic regeneration (around neck)
 G - a +3 ring of protection
 K - a ring of protection from fire (right hand)
 M - an uncursed ring of resist corrosion
 Z - a +3 ring of protection (left hand)
Wands
 g - a wand of digging (13)
 B - a wand of enslavement (23)
 C - a wand of clouds (8)
 O - a wand of polymorph (10)
 P - a wand of iceblast (32)
 S - a wand of disintegration (39)
 T - a wand of paralysis (7)
Scrolls
 e - 10 scrolls of teleportation
 j - 9 scrolls of remove curse
 t - a scroll of blinking
 v - 4 scrolls of fog
 w - 3 scrolls of enchant armour
 y - 2 scrolls of enchant weapon
 D - a scroll of identify
 H - 3 scrolls of magic mapping
 W - 3 scrolls of holy word
 Y - a scroll of fear
Potions
 h - 2 potions of mutation
 l - 12 potions of curing
 m - a potion of brilliance
 p - 4 potions of invisibility
 q - 3 potions of magic
 s - 3 potions of might
 u - 10 potions of agility
 x - 2 potions of flight
 z - 7 potions of heal wounds
 A - 2 potions of cancellation
 I - a potion of berserk rage
 L - a potion of ambrosia {unknown}
 N - 4 potions of haste
 V - 2 potions of resistance
Miscellaneous
 c - a phial of floods
 i - a fan of gales
 F - a phantom mirror
Comestibles
 n - 16 rations


   Skills:
 + Level 7.9 Fighting
 * Level 10.3 Short Blades
 - Level 15.0 Dodging
 + Level 16.3 Stealth
 - Level 7.2 Shields
 - Level 6.1 Spellcasting
 - Level 2.0 Conjurations
 - Level 10.0 Hexes
 - Level 9.0 Necromancy
 - Level 4.1 Translocations
 - Level 2.0 Air Magic
 - Level 3.1 Poison Magic
 * Level 4.1 Evocations


You had one spell level left.
You knew the following spells:

 Your Spells              Type           Power        Failure   Level  Hunger
a - Corona                Hex            #####..      1%          1    None
b - Ensorcelled Hibernat  Hex/Ice        ###...       2%          2    None
c - Confuse               Hex            #####...     1%          3    ##.....
d - Animate Dead          Necr           N/A          2%          4    ####...
e - Regeneration          Chrm/Necr      ###.......   5%          3    ##.....
f - Dispel Undead         Necr           #####...     8%          5    #####..
g - Blink                 Tloc           N/A          3%          2    None
h - Mephitic Cloud        Conj/Pois/Air  ##......     13%         3    ##.....
i - Apportation           Tloc           ###...       1%          1    None

Your spell library contained the following spells:

 Spells                   Type           Power        Failure   Level  Hunger
 Animate Skeleton         Necr           N/A          1%          1    None
 Confusing Touch          Hex            #####.       1%          1    None
 Pain                     Necr           ####         1%          1    None
 Magic Dart               Conj           ##..         4%          1    None
 Flame Tongue             Conj/Fire      #....        8%          1    None
 Freeze                   Ice            #...         11%         1    None
 Summon Small Mammal      Summ           #...         11%         1    None
 Corpse Rot               Necr           N/A          1%          2    None
 Slow                     Hex            #####...     1%          2    None
 Sublimation of Blood     Necr           #####.....   1%          2    None
 Tukima's Dance           Hex            #####...     1%          3    ##.....
 Vampiric Draining        Necr           #####.....   1%          3    ##.....
 Dazzling Spray           Conj/Hex       ####..       2%          3    ##.....
 Inner Flame              Hex/Fire       ###.....     4%          3    ##.....
 Searing Ray              Conj           ##....       8%          2    None
 Agony                    Necr           #####...     8%          5    #####..
 Fulminant Prism          Conj/Hex       ####......   10%         4    ####...
 Throw Flame              Conj/Fire      #.....       11%         2    None
 Throw Frost              Conj/Ice       #.....       11%         2    None
 Call Imp                 Summ           #.......     17%         2    None
 Conjure Flame            Conj/Fire      #.......     22%         3    ##.....
 Force Lance              Conj/Tloc      ###.....     30%         4    ####...
 Ozocubu's Armour         Chrm/Ice       #.......     32%         3    ##.....
 Bolt of Draining         Conj/Necr      ####......   32%         5    #####..
 Iskenderun's Mystic Bla  Conj           ##......     43%         4    ####...
 Borgnjor's Vile Clutch   Necr/Erth      ###.......   43%         5    #####..
 Sticky Flame             Conj/Fire      #.......     58%         4    ####...
 Throw Icicle             Conj/Ice       #.......     58%         4    ####...
 Summon Ice Beast         Ice/Summ       #.......     73%         4    ####...
 Fireball                 Conj/Fire      #.........   90%         5    #####..


Dungeon Overview and Level Annotations

Branches:
Dungeon (13/15)            Temple (1/1) D:5            Lair (6/6) D:10
  Swamp (0/4) Lair:2        Snake (0/4) Lair:2        Slime (0/5) Lair:5
    Orc (2/2) D:10            Elf (0/3) Orc:2         Sewer (visited)
 Vaults: D:13-14

Altars:
Ashenzari
Cheibriados
Dithmenos
Elyvilon
Fedhas
Gozag
Hepliaklqana
Kikubaaqudgha
Makhleb
Nemelex Xobeh
Okawaru
Qazlal
Ru
Sif Muna
Trog
Uskayaw
Vehumet
Wu Jian
Xom
Yredelemnul
Zin
The Shining One
Beogh
Jiyva

Shops:
D:10 (   Orc:2 [!(!

Portals:
Hell: Lair:6

Annotations:
D:13 Azrael, Sonja
Lair:5 1 runed translucent door


Innate Abilities, Weirdness & Mutations

You are very small and have problems with some larger weapons.
You are too small for most types of armour.
You have supernaturally acute eyesight. (SInv)
You are a herbivore.
You cover ground extremely quickly.
You need to consume almost no food.


Message History

* * * LOW HITPOINT WARNING * * *
Blink to where?
Press: ? - help, Dir - move target cursor You are very lightly contaminated with residual magic.
As you read the scroll of blinking, it crumbles to dust.
You feel sick.
You feel sick.
You feel sick.
There is an open door here.
You feel sick.
There is an open door here.
You close the door.
You feel sick.
You feel sick.
You feel sick.
You feel sick.
You feel sick.
The meliai invokes the aid of its god against you.
Something smites you!
You die...
Kikubaaqudgha rasps: "You have failed me!
Welcome... death!"

.......############## ..# #....
.......#............###.# #....
.......#..............#.#####....
#####..#..............#.......###
# #..'..............#......(#.. #
#..#..............#.......#.. #
+..#..............#....Z..#.. #
#..#####'##########.......#.. #
#.....y.....@.............###
#####..#############.............
.......#...........#.............
#####..#...........#.........###.
....#..#...........#.....#####.#.
....#..#...........#.....#.....#.
....+..#...........#.....#.....'.
##'##y.#...........#.....##....#.
.......#...........#......'....#.


You could see a meliai.

Vanquished Creatures
  Frances (D:12)
  Kirke (D:13)
  A stone giant (Orc:2)
  Josephine (D:12)
  Fannar (Lair:3)
  7 hydras
  3 two-headed ogres
  A death yak (Lair:6)
  8 orc high priests
  A sun demon (Lair:6)
  5 unseen horrors
  A wizard (Lair:6)
  An orc sorcerer (Orc:1)
  An ugly thing (D:11)
  A manticore (D:12)
  A cyclops (D:13)
  3 elephants
  Maurice (D:11)
  4 centaur zombies
  5 black mambas
  A torpor snail (Lair:3)
  11 spiny frogs
  5 rime drakes
  A gargoyle (D:13)
  7 komodo dragons
  A hellwing (Lair:6)
  8 trolls
  2 ice devils (Lair:6)
  5 polar bears
  A red devil (Lair:6)
  17 blink frogs
  2 slime creatures (D:13)
  2 bog bodies (Lair:2)
  7 hippogriffs
  2 shadows (D:11)
  Sigmund (D:4)
  7 wraiths
  3 fire elementals (D:13)
  6 hogs (D:13)
  2 hungry ghosts
  5 wyverns
  15 yaks
  A swamp worm (Lair:2)
  3 vampire mosquitoes (Lair:2)
  An insubstantial wisp (Lair:2)
  7 wargs (Orc:1)
  5 water moccasins
  4 hell hounds
  Duvessa (D:7)
  2 sky beasts
  14 porcupines
  19 orc warriors
  6 ice beasts
  3 black bears
  A necrophage (D:9)
  2 phantoms
  14 wolves
  8 crocodiles
  7 ogres
  19 centaurs
  3 big kobolds
  17 bullfrogs
  A gnoll sergeant (Orc:2)
  Dowan (D:7)
  2 scorpions
  12 killer bees
  8 wights
  2 electric eels
  4 howler monkeys
  5 crimson imps
  3 hounds
  2 quasits
  4 bullfrog zombies
  35 orc priests
  13 orc wizards
  3 centaur skeletons
  Crazy Yiuf (D:2)
  A bullfrog skeleton (D:12)
  5 jellies
  Natasha (thrice) (D:2)
  5 iguanas
  Ijyb (D:4)
  5 hell rats (Lair:1)
  11 worker ants
  A hound skeleton (D:7)
  7 gnolls
  14 adders
  4 river rats
  A shadow imp (D:12)
  4 oozes
  An adder zombie (D:9)
  An adder skeleton (D:7)
  9 worms
  2 dart slugs (D:3)
  5 leopard geckos
  91 orcs
  8 giant cockroaches
  5 goblins
  6 hobgoblins
  24 jackals
  3 quokkas
  3 ball pythons
  13 bats
  6 frilled lizards
  A jackal skeleton (D:4)
  23 kobolds
  A quokka skeleton (D:4)
  10 rats
  A plant (Lair:2)
667 creatures vanquished.

Vanquished Creatures (collateral kills)
  2 hydras (Lair:6)
  2 death yaks (Lair:6)
  A rime drake (Lair:6)
  2 ice devils (Lair:6)
  3 slime creatures (D:13)
  A hog (D:13)
  2 insubstantial wisps (Lair:2)
  2 wolves (Lair:4)
  3 orc priests (Orc:2)
  4 orcs
  A plant (Lair:6)
23 creatures vanquished.

Vanquished Creatures (others)
  An orc wizard (Orc:1)
  2 bushes (D:11)
  7 fungi
  5 plants
15 creatures vanquished.

Grand Total: 705 creatures vanquished

Notes
Turn   | Place    | Note
-------+----------+-------------------------------------------
     0 | D:1      | Kohma the Spriggan Enchanter began the quest for the Orb.
     0 | D:1      | Reached XP level 1. HP: 9/9 MP: 5/5
   686 | D:1      | Reached skill level 5 in Stealth
   686 | D:1      | Reached XP level 2. HP: 7/13 MP: 4/6
   690 | D:1      | Learned a level 2 spell: Ensorcelled Hibernation
  1177 | D:1      | Reached XP level 3. HP: 14/16 MP: 0/8
  2515 | D:2      | Reached skill level 6 in Stealth
  2645 | D:2      | Reached XP level 4. HP: 21/21 MP: 2/9
  2790 | D:2      | Found a runed translucent door.
  2791 | D:2      | Noticed Crazy Yiuf
  2798 | D:2      | Killed Crazy Yiuf
  2855 | D:2      | Found a shadowy altar of Dithmenos.
  3045 | D:2      | Noticed Natasha
  3411 | D:2      | Killed Natasha
  3411 | D:2      | Reached skill level 7 in Stealth
  3411 | D:2      | Reached XP level 5. HP: 24/24 MP: 8/10
  3429 | D:2      | Noticed Natasha
  3430 | D:2      | Killed Natasha
  3870 | D:2      | Noticed Natasha
  3877 | D:2      | Killed Natasha
  4474 | D:2      | Found a shadowy altar of Dithmenos.
  4777 | D:3      | Found a glowing drain.
  4800 | Sewer    | Entered a sewer
  5439 | Sewer    | Reached skill level 8 in Stealth
  5571 | Sewer    | Reached XP level 6. HP: 28/28 MP: 8/11
  5783 | D:3      | Found a shimmering altar of Xom.
  5783 | D:3      | Found a glowing golden altar of the Shining One.
  5789 | D:3      | Found a basalt altar of Yredelemnul.
  5791 | D:3      | Found a faded altar of an unknown god.
  5793 | D:3      | Found a faded altar of an unknown god.
  6064 | D:3      | Reached skill level 5 in Short Blades
  6832 | D:4      | Noticed Ijyb
  7018 | D:4      | Killed Ijyb
  7235 | D:4      | Found a blossoming altar of Fedhas.
  7264 | D:4      | Noticed an ice beast
  7275 | D:4      | Learned a level 3 spell: Confuse
  7457 | D:4      | Killed an ice beast
  7457 | D:4      | Reached skill level 5 in Hexes
  7457 | D:4      | Reached XP level 7. HP: 32/32 MP: 2/14
  7741 | D:4      | Noticed Sigmund
  7748 | D:4      | Killed Sigmund
  8048 | D:5      | Entered Level 5 of the Dungeon
  8060 | D:5      | Reached skill level 1 in Fighting
  8060 | D:5      | Reached XP level 8. HP: 37/37 MP: 15/15
  8374 | D:5      | Found a staircase to the Ecumenical Temple.
  8395 | Temple   | Entered the Ecumenical Temple
  8623 | Temple   | Became a worshipper of Kikubaaqudgha
  8732 | D:5      | Reached skill level 5 in Dodging
 10123 | D:7      | Reached * piety under Kikubaaqudgha
 10123 | D:7      | Identified Kikubaaqudgha's Handbook of Dark Rituals
                  | (Kikubaaqudgha gifted it to you on level 7 of the Dungeon)
 10123 | D:7      | Received a gift from Kikubaaqudgha
 10143 | D:7      | Noticed a hippogriff
 10153 | D:7      | Killed a hippogriff
 10153 | D:7      | Reached skill level 9 in Stealth
 10153 | D:7      | Reached XP level 9. HP: 36/44 MP: 11/16
 10175 | D:7      | Noticed a two-headed ogre
 10532 | D:7      | Killed a two-headed ogre
 10532 | D:7      | Reached skill level 10 in Stealth
 10773 | D:7      | Reached skill level 11 in Stealth
 10938 | D:7      | Noticed Dowan
 10939 | D:7      | Noticed Duvessa
 10942 | D:7      | Killed Duvessa
 10974 | D:7      | Killed Dowan
 11096 | D:7      | Reached skill level 12 in Stealth
 11399 | D:7      | Reached XP level 10. HP: 42/49 MP: 8/17
 11753 | D:7      | Reached ** piety under Kikubaaqudgha
 11753 | D:7      | Reached skill level 5 in Spellcasting
 12940 | D:9      | Found a stormy altar of Qazlal.
 12941 | D:9      | Found a white marble altar of Elyvilon.
 12974 | D:9      | Reached skill level 5 in Fighting
 13362 | D:9      | Found a blossoming altar of Fedhas.
 13529 | D:9      | Noticed a two-headed ogre
 13641 | D:9      | Killed a two-headed ogre
 13863 | D:10     | Entered Level 10 of the Dungeon
 13875 | D:10     | Found a staircase to the Lair.
 14168 | D:10     | Noticed an unseen horror
 14174 | D:10     | Killed an unseen horror
 14200 | D:10     | Found a staircase to the Orcish Mines.
 14207 | D:10     | Found Ucritwij's Weapon Shop.
 14218 | D:10     | Noticed an unseen horror
 14264 | D:10     | Found an iron altar of Okawaru.
 14274 | D:10     | Reached *** piety under Kikubaaqudgha
 14274 | D:10     | Identified Kikubaaqudgha's Guide on Evil (Kikubaaqudgha
                  | gifted it to you on level 10 of the Dungeon)
 14274 | D:10     | Received a gift from Kikubaaqudgha
 14288 | D:10     | Learned a level 4 spell: Animate Dead
 14292 | D:10     | Learned a level 3 spell: Regeneration
 14298 | D:10     | Learned a level 5 spell: Dispel Undead
 14306 | D:10     | Reached XP level 11. HP: 58/58 MP: 0/21
 14915 | D:10     | Killed an unseen horror
 14915 | D:10     | Reached skill level 1 in Necromancy
 15206 | D:11     | Learned a level 2 spell: Blink
 15360 | D:11     | Noticed a purple ugly thing
 15380 | D:11     | Reached skill level 1 in Translocations
 15386 | D:11     | Killed a purple ugly thing
 15728 | D:11     | Reached **** piety under Kikubaaqudgha
 15844 | D:11     | Noticed Maurice
 15860 | D:11     | Reached skill level 10 in Hexes
 16284 | D:11     | Reached skill level 10 in Short Blades
 16403 | D:11     | Killed Maurice
 16815 | Lair:1   | Entered Level 1 of the Lair of Beasts
 17966 | Lair:1   | You fall into a shaft and drop 1 floor!
 18125 | Lair:2   | Reached skill level 13 in Stealth
 18632 | Lair:2   | Reached skill level 10 in Dodging
 18640 | Lair:2   | Reached ***** piety under Kikubaaqudgha
 18705 | Lair:2   | Reached skill level 5 in Necromancy
 18706 | Lair:2   | Found a staircase to the Snake Pit.
 18731 | Lair:2   | Reached XP level 12. HP: 62/62 MP: 11/22
 18919 | Lair:2   | Learned a level 3 spell: Mephitic Cloud
 18958 | Lair:2   | Found a staircase to the Swamp.
 19827 | Lair:2   | Reached skill level 14 in Stealth
 20073 | Lair:3   | Noticed a seven-headed hydra
 20101 | Lair:3   | Killed a seven-headed hydra
 20298 | Lair:3   | Noticed Fannar
 20303 | Lair:3   | Killed Fannar
 20314 | Lair:3   | Reached skill level 15 in Stealth
 20764 | Lair:3   | Found a runed translucent door.
 20771 | Lair:3   | Noticed a seven-headed hydra
 20796 | Lair:3   | Killed a seven-headed hydra
 21061 | Lair:4   | Noticed an eight-headed hydra
 21838 | Lair:4   | Killed an eight-headed hydra
 21967 | Lair:4   | Reached XP level 13. HP: 66/66 MP: 20/23
 22433 | Lair:5   | Found a runed translucent door.
 22433 | Lair:5   | Found a viscous altar of Jiyva.
 22433 | Lair:5   | Found a staircase to the Slime Pits.
 22905 | Lair:6   | Entered Level 6 of the Lair of Beasts
 22906 | Lair:6   | Reached skill level 1 in Shields
 23030 | Lair:6   | Reached skill level 15 in Dodging
 23775 | Lair:6   | Found a burning altar of Makhleb.
 24344 | Lair:6   | Reached skill level 5 in Shields
 24925 | Lair:6   | Reached ****** piety under Kikubaaqudgha
 25954 | Lair:6   | Found a gateway to Hell.
 26151 | Orc:1    | Entered Level 1 of the Orcish Mines
 26284 | Orc:1    | Found a roughly hewn altar of Beogh.
 26553 | Orc:1    | Reached skill level 1 in Poison Magic
 26969 | Orc:1    | Found a roughly hewn altar of Beogh.
 27164 | Orc:2    | Entered Level 2 of the Orcish Mines
 27369 | Orc:1    | Reached XP level 14. HP: 54/70 MP: 14/24
 29440 | Orc:2    | Found a roughly hewn altar of Beogh.
 29465 | Orc:2    | Found Miutid's Armour Shoppe.
 29465 | Orc:2    | Found Nacebuu's Distillery.
 29473 | Orc:2    | Found a staircase to the Elven Halls.
 29684 | Orc:2    | Noticed a stone giant
 29700 | Orc:2    | Killed a stone giant
 29833 | Orc:2    | Found Ilosi Koit's Weapon Shoppe.
 29833 | Orc:2    | Found Hosips's Distillery.
 29854 | Orc:2    | Reached skill level 1 in Air Magic
 29899 | Orc:2    | Reached skill level 1 in Conjurations
 30140 | Orc:2    | Bought the +8 arc blade {discharge, rElec} for 780 gold
                  | pieces
 30140 | Orc:2    | Found the +8 arc blade {discharge, rElec}
 30181 | Orc:2    | Bought a potion of heal wounds for 70 gold pieces
 30181 | Orc:2    | Bought a potion of heal wounds for 70 gold pieces
 30181 | Orc:2    | Bought a potion of heal wounds for 70 gold pieces
 30487 | D:12     | Noticed Josephine
 30648 | D:12     | Killed Josephine
 30835 | D:12     | Learned a level 1 spell: Apportation
 30891 | D:12     | Noticed Frances
 30963 | D:12     | Killed Frances
 31505 | D:12     | Reached skill level 16 in Stealth
 31785 | D:13     | Reached skill level 1 in Evocations
 32266 | D:13     | Noticed Azrael
 32694 | D:13     | Noticed Kirke
 32737 | D:13     | Killed Kirke
 32927 | D:13     | Noticed Sonja
 32962 | D:13     | Killed from afar by a meliai

Levels and vault maps discovered:
D:1:      dpeg_arrival_rhombus, layout_loops_ring
D:2:      layout_basic, marbit_many_paths, dk_noncrumbling_2,
          minmay_three_crescents, uniq_natasha, uniq_crazy_yiuf_cottage
D:3:      layout_loops_ring, chequers_temple_overflow_minitemple,
          portal_sewer_entry_b, first_ration, hangedman_decor_points,
          chequers_serial_rivers_large_a
D:4:      layout_basic, kennysheep_mini, uniq_sigmund, uniq_ijyb
D:5:      layout_loops_ring, minmay_temple_entry_slanted,
          minmay_chambers_of_fives
D:6:      layout_basic, kennysheep_crisscross, st_stairs_3,
          kennysheep_windowed_goal
D:7:      layout_basic, uniq_duvessa
D:8:      layout_rooms
D:9:      layout_cave_pools, grunt_temple_overflow_open, grunt_pizzeria,
          fedhas_altar_fruit_tree
D:10:     layout_cave_pods, due_lair_maze_entry_diamond, orc_david_3,
          basic_altar, corexii_checkpoint_a, chequers_serial_rivers_micro_e
D:11:     layout_cave_pools, st_stairs_11, minmay_hedge_maze,
          minmay_misc_feat_enclosed, corner_web_ring, uniq_maurice
D:12:     layout_basic, uniq_frances, uniq_josephine
D:13:     layout_irregular_city, uniq_snorg, uniq_azrael, uniq_kirke, uniq_sonja
Temple:   regret_index_temple_generic_petals
Lair:1:   layout_loops_ring, serial_bayou_pond_e, kennysheep_abandoned_house
Lair:2:   layout_big_grid, nicolae_swamp_entry_splash_gauntlet,
          dummy_snake_entry, pond
Lair:3:   layout_roguey, pf_torpor_hydra, infiniplex_staircase_pool, uniq_fannar
Lair:4:   layout_misc_corridors, small_statue_intersection, grunt_megastairs_4,
          infiniplex_staircase_pool_2
Lair:5:   layout_layer_cave, slime_altar_2, gammafunk_lair_bear_cave
Lair:6:   evil_forest, layout_cave_pods
Orc:1:    layout_caves, basic_altar, david_defended_altar_orc
Orc:2:    st_orc_town, layout_caves, nicolae_orc_tapped_out

Skill      XL: |  1  2  3  4  5  6  7  8  9 10 11 12 13 14 |
---------------+-------------------------------------------+-----
Stealth        | 5 6 7 8 9 12 13 15 16 | 16.3
Short Blades   | 2 3 4 5 8 10 | 10.3
Spellcasting   | 4 6 |  6.1
Hexes          | 5 8 9 10 | 10.0
Fighting       | 1 3 6 7 |  7.9
Dodging        | 4 8 10 14 15 | 15.0
Necromancy     | 5 7 9 |  9.0
Translocations | 4 |  4.1
Shields        | 6 7 |  7.2
Poison Magic   | 1 3 |  3.1
Air Magic      | 2 |  2.0
Conjurations   | 2 |  2.0
Evocations     | 4 |  4.1

Action                   |  1- 3 |  4- 6 |  7- 9 | 10-12 | 13-15 || total
-------------------------+-------+-------+-------+-------+-------++-------
Melee: Short sword       |    99 |   241 |   203 |       |       ||   543
       Dagger            |    10 |       |     7 |   622 |   467 ||  1106
       Rapier            |       |       |       |       |   247 ||   247
Throw: Boomerang         |     7 |    32 |       |       |       ||    39
       Dart              |       |       |    11 |    31 |    18 ||    60
       Stone             |       |       |     2 |     1 |       ||     3
 Cast: Corona            |     3 |       |       |       |       ||     3
       Ensorcelled Hiber |    23 |    72 |    65 |   263 |   336 ||   759
       Confuse           |       |     9 |    22 |    32 |    31 ||    94
       Animate Dead      |       |       |       |    12 |    44 ||    56
       Mephitic Cloud    |       |       |       |     1 |     2 ||     3
       Blink             |       |       |       |       |     1 ||     1
Evoke: Wand              |       |       |       |     3 |    13 ||    16
  Use: Scroll            |       |    15 |     8 |     6 |     5 ||    34
       Potion            |       |     2 |       |       |       ||     2
 Stab: Sleeping          |    16 |    47 |    49 |   162 |   185 ||   459
       Distracted        |       |     3 |     1 |     4 |     3 ||    11
       Confused          |       |     2 |    13 |    21 |    21 ||    57
  Eat: Ration            |       |     5 |     4 |     7 |     9 ||    25
Armor: Robe              |     9 |    20 |    12 |    58 |    76 ||   175
       Skin              |       |     6 |       |       |       ||     6
Dodge: Dodged            |   101 |   153 |   127 |   453 |   711 ||  1545
Block: Buckler           |       |       |       |       |   249 ||   249

Table legend:
 A = Non-vault XP
 B = Vault XP
 C = Vault XP percentage of total XP
 D = Non-vault monster count
 E = Vault monster count
 F = Vault count percentage of total count
                 A         B        C        D         E       F
            +---------+---------+-------+---------+---------+-------
      Total |   60547 |   34865 |  36.5 |     481 |     207 |  30.1
            +---------+---------+-------+---------+---------+-------
        D:1 |      56 |       0 |   0.0 |      32 |       0 |   0.0
        D:2 |     129 |     121 |  48.4 |      15 |       8 |  34.8
        D:3 |     128 |      20 |  13.5 |      28 |       4 |  12.5
        D:4 |     566 |     255 |  31.1 |      17 |       2 |  10.5
        D:5 |     423 |     255 |  37.6 |       9 |       3 |  25.0
        D:6 |     442 |     153 |  25.7 |      18 |       2 |  10.0
        D:7 |    3508 |     214 |   5.7 |      38 |       2 |   5.0
        D:8 |     301 |       0 |   0.0 |      11 |       0 |   0.0
        D:9 |    2364 |     142 |   5.7 |      28 |       1 |   3.4
       D:10 |    2733 |    1341 |  32.9 |      16 |      14 |  46.7
       D:11 |    3695 |    1156 |  23.8 |      32 |       5 |  13.5
       D:12 |    7556 |    3488 |  31.6 |      51 |       4 |   7.3
       D:13 |    4675 |    3929 |  45.7 |      25 |      12 |  32.4
     Lair:1 |    1700 |     415 |  19.6 |       8 |      11 |  57.9
     Lair:2 |    3316 |    1624 |  32.9 |      11 |      10 |  47.6
     Lair:3 |    6424 |    2440 |  27.5 |      21 |       3 |  12.5
     Lair:4 |    3398 |    1886 |  35.7 |      19 |       9 |  32.1
     Lair:5 |    2257 |     597 |  20.9 |      11 |       4 |  26.7
     Lair:6 |   11385 |    8372 |  42.4 |      32 |      25 |  43.9
      Orc:1 |    3314 |    3449 |  51.0 |      40 |      19 |  32.2
      Orc:2 |    2177 |    4935 |  69.4 |      19 |      45 |  70.3
      Sewer |       0 |      73 | 100.0 |       0 |      24 | 100.0
            +---------+---------+-------+---------+---------+-------
